 Dungeon Crawl Stone Soup version 0.21-a0-401-g0b6bec4 (webtiles) character file.

109708 graki42 the Bludgeoner (level 16, -7/108 HPs)
             Began as a Gargoyle Berserker on Oct 21, 2017.
             Was the Champion of Trog.
             Killed from afar by a thorn hunter (24 damage)
             ... with a volley of thorns
             ... on level 3 of the Swamp.
             The game lasted 01:10:30 (24317 turns).

graki42 the Bludgeoner (Gargoyle Berserker)        Turns: 24317, Time: 01:10:30

Health: -7/108     AC: 42    Str: 25      XL:     16   Next: 53%
Magic:  16/16      EV: 11    Int:  8      God:    Trog [******]
Gold:   2894       SH:  8    Dex:  9 (10) Spells: 15/15 levels left

rFire    . . .     SeeInvis +   R - +2 flail (protect)
rCold    . . .     Gourm    .   S - +2 buckler
rNeg     + . .     Faith    +   O - +3 chain mail
rPois    ∞         Spirit   .   i - +0 helmet
rElec    +         Reflect  .   w - +0 cloak
rCorr    .         Harm     .   Y - +2 pair of gloves
MR       ++...                  (no boots)
Stlth    ..........             J - amulet of faith
HPRegen  0.28/turn              F - ring of see invisible
MPRegen  0.15/turn              z - +5 ring of slaying

@: protection aura, flying
A: big wings, hooves 1, deterioration 1, magic resistance 1, negative energy
resistance 1, electricity resistance, weak 1, unbreathing, petrification
resistance, rot immunity, subdued magic 1, AC +12
a: Stop Flying, Berserk, Trog's Hand, Brothers in Arms, Burn Spellbooks,
Renounce Religion


You were on level 3 of the Swamp.
You worshipped Trog.
Trog was exalted by your worship.
You were very hungry.

You visited 4 branches of the dungeon, and saw 22 of its levels.
You also visited: Bailey and Volcano.

You collected 3115 gold pieces.
You spent 221 gold pieces at shops.

Inventory:

Hand Weapons
 l - the +4 long sword of the Living Dead {venom, rElec MR+ Int+3}
   (You found it on level 3 of the Swamp)

   It poisons the flesh of those it strikes.
   It affects your intelligence (+3).
   It insulates you from electricity.
   It affects your resistance to hostile enchantments.
 B - a +1 antimagic eveningstar
 K - a +3 antimagic morningstar
 L - a +3 morningstar of venom
 R - a +2 flail of protection (weapon)
Missiles
 u - a throwing net (quivered)
Armour
 i - a +0 helmet (worn)
 w - a +0 cloak (worn)
 O - a +3 chain mail (worn)
 S - a +2 buckler (worn)
 Y - a +2 pair of gloves (worn)
Jewellery
 z - a +5 ring of slaying (right hand)
 F - a ring of see invisible (left hand)
 J - an amulet of faith (around neck)
 V - an uncursed ring of resist corrosion
Wands
 a - a wand of digging (19/24)
 h - a wand of polymorph (11/24)
 v - a wand of random effects (16/48)
 P - a wand of confusion (23/48)
Scrolls
 b - 3 scrolls of enchant armour
 k - 6 scrolls of fog
 m - 11 scrolls of teleportation
 p - 3 scrolls of fear
 s - 2 scrolls of enchant weapon
 t - a scroll of brand weapon {unknown}
 E - 7 scrolls of identify
 I - a scroll of holy word
 M - 12 scrolls of remove curse
Potions
 e - a potion of cancellation
 g - 5 potions of heal wounds
 j - 2 potions of haste
 n - 3 potions of invisibility
 o - 3 potions of might
 q - 3 potions of ambrosia
 r - a potion of agility
 A - a potion of berserk rage
 C - 3 potions of brilliance
 D - 4 potions of curing
 T - a potion of resistance
Books
 G - a book of Callings

   Spells                             Type                      Level
   a - Summon Small Mammal            Summoning                    1
   b - Call Imp                       Summoning                    2
   c - Call Canine Familiar           Summoning                    3
   d - Summon Guardian Golem          Hexes/Summoning              3
   e - Summon Lightning Spire         Summoning/Air                4
   f - Summon Ice Beast               Ice/Summoning                4
   Trog disapproves of the use of such an item.
 H - a Fen Folio

   Spells                             Type                      Level
   a - Corpse Rot                     Necromancy                   2
   b - Stone Arrow                    Conjuration/Earth            3
   c - Leda's Liquefaction            Hexes/Earth                  4
   d - Summon Forest                  Summoning/Translocation      5
   e - Hydra Form                     Transmutation                6
   f - Summon Hydra                   Summoning                    7
   Trog disapproves of the use of such an item.
Miscellaneous
 y - a lamp of fire
Comestibles
 c - 11 bread rations
 d - 8 fruits
 f - 12 royal jellies
 x - 14 meat rations


   Skills:
 + Level 15.0 Fighting
 + Level 16.7 Maces & Flails
 + Level 0.3 Throwing
 + Level 14.7 Armour
 + Level 5.5 Dodging
 - Level 0.3 Stealth
 + Level 12.8 Shields


You had 15 spell levels left.
You didn't know any spells.

Dungeon Overview and Level Annotations

Branches:
Dungeon (11/15)            Temple (0/1) D:4            Lair (6/6) D:9
  Swamp (3/4) Lair:4        Snake (0/4) Lair:3        Slime (0/5) Lair:6
    Orc (2/2) D:11            Elf (0/3) Orc:2

Altars:
Cheibriados
Elyvilon
Fedhas
Gozag
Kikubaaqudgha
Makhleb
Nemelex Xobeh
Okawaru
Qazlal
Ru
Trog
Vehumet
Xom
Zin
Beogh

Shops:
D:11 (   Orc:2 (:}?


Innate Abilities, Weirdness & Mutations

You are resistant to torment.
Your stone body is resilient. (AC +12)
You are immune to poison.
Your large and strong wings let you fly indefinitely.
You resist negative energy. (rN+)
You are resistant to electric shocks. (rElec)
You can survive without breathing.
You are immune to petrification.
You are immune to rotting.
You have large cloven feet.
Your body sometimes deteriorates upon taking damage.
You are resistant to hostile enchantments. (MR+)
You are weak. (Str -2)
Your spells are a little easier to cast, but a little less powerful.


Message History

The thorn hunter is severely damaged.
You bludgeon the thorn hunter!!
You kick the thorn hunter, but do no damage.
The thorn hunter is severely damaged.
The thorn hunter fires a volley of thorns at you.
The volley of thorns hits you!
* * * LOW HITPOINT WARNING * * *
You thump the thorn hunter!
The thorn hunter is almost destroyed.
The thorn hunter hits you but does no damage.
You block the thorn hunter's attack.
You closely miss the thorn hunter. Your kick misses the thorn hunter.
The thorn hunter is almost destroyed.
The thorn hunter fires a volley of thorns at you.
The volley of thorns hits you!
You closely miss the thorn hunter. You kick the thorn hunter!
The thorn hunter is almost destroyed.
The thorn hunter fires a volley of thorns at you.
The volley of thorns hits you!
You die...

≈≈≈≈.≈≈.♣♣...♣.♣♣♣≈≈.♣ ♣≈≈♣..♣
≈≈≈§.≈≈.♣♣.≈♣♣..♣♣♣≈§♣♣
♣≈.♣..♣♣
≈≈≈≈.≈≈≈♣♣.≈♣♣§P.♣♣...♣
♣≈.....♣
≈≈♣≈.≈≈.♣♣..♣♣PP♣♣♣...♣
♣.....♣♣ ♣♣≈≈≈♣≈)♣≈.≈♣♣≈.♣
♣...♣♣♣♣≈≈≈♣♣
≈≈≈♣♣≈))♣.≈≈♣♣..♣♣♣.f..♣ ♣≈≈.♣
.≈§≈♣≈≈.♣≈♣≈.♣≈≈♣♣P....♣♣♣.≈.♣
≈......))≈.≈♣♣≈..♣P♣PPP.♣♣<..♣
≈.♣♣♣♣)≈≈≈.♣♣♣≈.@♣PPPPP.≈♣≈≈♣♣
≈♣♣ ♣.≈.≈.♣♣♣≈..f..≈≈≈≈≈≈..♣
.♣ ♣♣.≈......≈...≈.≈.≈≈≈...♣♣
♣♣ ♣≈≈≈≈≈≈.≈≈..§≈..≈.≈≈≈≈≈§≈♣
♣ ♣♣.≈≈§...≈≈.≈♣♣♣...≈≈≈≈..♣♣
♣ ♣...§...≈♣.≈♣♣♣♣.≈≈≈.♣...♣♣♣
♣
♣♣..♣.♣..♣≈♣♣♣.♣♣.≈≈≈.....≈♣♣
♣
♣.≈.♣♣♣..♣♣♣....♣♣♣..≈....≈≈.
♣
♣♣≈♣♣♣...♣....P.♣♣♣♣.♣.♣...♣.


You could see a thorn hunter.

Vanquished Creatures
  Nikola (Swamp:2)
  Kirke (Swamp:1)
  6 thorn hunters
  An orc warlord (Orc:2)
  2 fire dragons (Lair:6)
  4 hydras
  A catoblepas (Lair:2)
  3 ghost crabs
  The ghost of arkorax the Grappler, a novice MiFi of Uskayaw (Bailey)
  10 alligators
  A hell hog (Volcano)
  2 two-headed ogres
  8 death yaks
  4 orc high priests (Orc:2)
  Sonja (Lair:4)
  Nergalle (Lair:1)
  A fire crab (Volcano)
  3 skeletal warriors (D:10)
  3 spriggan druids (Swamp:3)
  A swamp dragon (Lair:6)
  2 shambling mangroves (Swamp:3)
  3 lindwurms
  A deep elf mage (D:6)
  6 orc knights
  7 oklob plants
  4 orc sorcerers
  A centaur zombie (D:10)
  An elephant (Lair:6)
  Joseph (D:8)
  Psyche (D:9)
  3 black mambas
  A molten gargoyle (Volcano)
  2 gargoyles
  6 torpor snails
  10 spiny frogs
  A rime drake (Lair:3)
  12 komodo dragons
  6 trolls
  A polar bear (Lair:5)
  9 tyrant leeches
  13 hornets
  11 slime creatures
  14 blink frogs
  4 bog bodies
  20 dream sheep
  9 hippogriffs
  17 yaks
  7 spriggans
  6 hogs
  13 fire bats (Volcano)
  A wraith (D:10)
  A human (D:7)
  4 steam dragons
  3 basilisks
  10 vampire mosquitoes
  12 swamp worms
  Grum (D:9)
  8 insubstantial wisps
  A hell hound (Volcano)
  6 wargs
  3 nagas (Lair:3)
  2 acid dragons (Lair:6)
  14 water moccasins
  6 swamp drakes
  10 porcupines
  A hornet zombie (D:7)
  3 ice beasts
  An eye of draining (D:11)
  2 black bears
  2 sky beasts
  41 orc warriors
  3 phantoms
  11 ogres
  2 necrophages
  13 wolves
  7 centaurs
  17 crocodiles
  A big kobold (D:7)
  Blork the orc (D:5)
  8 bullfrogs
  2 scorpions
  11 killer bees
  3 wights (D:10)
  3 howler monkeys
  7 lava snakes (Volcano)
  4 crimson imps
  6 hounds
  A quasit (D:8)
  A jelly (D:7)
  3 centaur skeletons
  Terence (D:2)
  23 orc priests
  16 orc wizards
  3 iguanas
  6 worker ants
  2 hound skeletons
  A worker ant zombie (D:5)
  5 gnolls
  11 adders
  A shadow imp (D:5)
  3 adder skeletons
  2 worms
  10 leopard geckos
  90 orcs
  4 bats (D:3)
  7 giant cockroaches
  14 goblins
  2 hobgoblins
  7 jackals
  16 kobolds
  6 quokkas
  7 frilled lizards
  A jackal zombie (D:5)
  A quokka skeleton (D:9)
  7 rats
  3 briar patches
732 creatures vanquished.

Vanquished Creatures (others)
  A komodo dragon (Swamp:1)
  A hornet (Swamp:3)
  A swamp worm (Swamp:2)
  A vampire mosquito (Swamp:1)
  An orc priest (Orc:2)
  2 orcs (Orc:2)
  3 briar patches (Swamp:3)
  21 fungi
  27 plants
58 creatures vanquished.

Grand Total: 790 creatures vanquished

Notes
Turn   | Place    | Note
-------+----------+-------------------------------------------
     0 | D:1      | graki42 the Gargoyle Berserker began the quest for the Orb.
     0 | D:1      | Reached XP level 1. HP: 14/14 MP: 1/1
   256 | D:1      | Reached XP level 2. HP: 15/19 MP: 2/2
   656 | D:1      | Reached XP level 3. HP: 23/23 MP: 3/3
   968 | D:2      | Noticed Terence
   976 | D:2      | Killed Terence
  1051 | D:2      | Reached XP level 4. HP: 29/29 MP: 4/4
  1282 | D:2      | Reached ** piety under Trog
  1388 | D:3      | Reached skill level 4 in Maces & Flails
  1752 | D:3      | Reached XP level 5. HP: 33/33 MP: 5/5
  2558 | D:4      | Found a staircase to the Ecumenical Temple.
  2645 | D:5      | Entered Level 5 of the Dungeon
  2702 | D:5      | Noticed a necrophage
  2705 | D:5      | Reached skill level 5 in Maces & Flails
  2705 | D:5      | Reached XP level 6. HP: 35/39 MP: 6/6
  2710 | D:5      | Killed a necrophage
  2781 | D:5      | Found a blossoming altar of Fedhas.
  2788 | D:5      | Noticed a sky beast
  2804 | D:5      | Noticed Blork the orc
  2810 | D:5      | Killed Blork the orc
  2813 | D:5      | Reached XP level 7. HP: 44/44 MP: 7/7
  2839 | D:5      | Reached skill level 6 in Maces & Flails
  2843 | D:5      | Gained mutation: You have large cloven feet. [mutagenic meat]
  2844 | D:5      | Gained mutation: Your body sometimes deteriorates upon taking damage. [mutagenic meat]
  2845 | D:5      | Gained mutation: You are dopey. (Int -2) [mutagenic meat]
  2846 | D:5      | Gained mutation: You are weak. (Str -2) [mutagenic meat]
  3111 | D:6      | Reached skill level 5 in Fighting
  3115 | D:6      | Reached *** piety under Trog
  3401 | D:6      | Found a stormy altar of Qazlal.
  3466 | D:6      | Found a snail-covered altar of Cheibriados.
  3539 | D:6      | Reached skill level 7 in Maces & Flails
  3541 | D:6      | Reached XP level 8. HP: 49/49 MP: 8/8
  3799 | D:6      | Noticed a deep elf mage
  3817 | D:6      | HP: 1/49 [deep elf mage/bolt of lightning (9)]
  3820 | D:6      | Killed a deep elf mage
  3820 | D:6      | Reached skill level 8 in Maces & Flails
  3820 | D:6      | Reached skill level 5 in Armour
  4311 | D:7      | Reached XP level 9. HP: 51/55 MP: 9/9
  4347 | D:7      | Reached **** piety under Trog
  4347 | D:7      | Reached skill level 9 in Maces & Flails
  4517 | D:7      | Found an opulent altar of Gozag.
  4965 | D:7      | Reached skill level 10 in Maces & Flails
  4965 | D:7      | Reached skill level 1 in Shields
  5143 | D:7      | Found a burning altar of Makhleb.
  5164 | D:8      | Reached XP level 10. HP: 63/63 MP: 10/10
  5187 | D:8      | Found a flagged portal.
  5218 | Bailey   | Entered a bailey
  5221 | Bailey   | Noticed arkorax's ghost (novice MiFi)
  5228 | Bailey   | Killed arkorax's ghost
  5313 | Bailey   | Reached ***** piety under Trog
  5359 | Bailey   | Found a bloodstained altar of Trog.
  5405 | D:8      | Noticed Joseph
  5423 | D:8      | Killed Joseph
  5423 | D:8      | Reached skill level 11 in Maces & Flails
  5504 | D:8      | Found a white marble altar of Elyvilon.
  5546 | D:8      | Found an iron altar of Okawaru.
  5577 | D:8      | Found a sparkling altar of Nemelex Xobeh.
  5578 | D:8      | Found a shimmering altar of Xom.
  5581 | D:8      | Found a blossoming altar of Fedhas.
  5831 | D:9      | Noticed Grum
  5845 | D:9      | Killed Grum
  5934 | D:9      | Found an ancient bone altar of Kikubaaqudgha.
  5935 | D:9      | Found a glowing silver altar of Zin.
  5935 | D:9      | Found a sacrificial altar of Ru.
  5966 | D:9      | Found a staircase to the Lair.
  5966 | D:9      | Noticed a death yak
  5966 | D:9      | Noticed a death yak
  5967 | D:9      | Noticed a death yak
  5967 | D:9      | Noticed a death yak
  6000 | D:9      | Killed a death yak
  6006 | D:9      | Killed a death yak
  6006 | D:9      | Reached XP level 11. HP: 56/68 MP: 11/11
  6008 | D:9      | Received a gift from Trog
  6057 | D:9      | Noticed a two-headed ogre
  6057 | D:9      | Noticed a death yak
  6058 | D:9      | Noticed a death yak
  6064 | D:9      | Noticed a death yak
  6074 | D:9      | Killed a death yak
  6079 | D:9      | Killed a death yak
  6079 | D:9      | Reached skill level 12 in Maces & Flails
  6085 | D:9      | Killed a death yak
  6088 | D:9      | Killed a two-headed ogre
  6094 | D:9      | Killed a death yak
  6101 | D:9      | Killed a death yak
  6381 | D:9      | Found a bloodstained altar of Trog.
  6433 | D:9      | Got a crystal trident
  6434 | D:9      | Identified the cursed +2 trident "Oreang" {flame, +Inv} (You found it on level 9 of the Dungeon)
  6552 | D:9      | Found a radiant altar of Vehumet.
  6617 | D:9      | Noticed Psyche
  6629 | D:9      | Killed Psyche
  6745 | Lair:1   | Entered Level 1 of the Lair of Beasts
  6849 | Lair:1   | Reached skill level 13 in Maces & Flails
  6974 | Lair:1   | Reached XP level 12. HP: 73/76 MP: 12/12
  7009 | Lair:1   | Reached skill level 5 in Shields
  7116 | Lair:1   | Reached skill level 10 in Armour
  7239 | Lair:1   | Noticed Nergalle
  7261 | Lair:1   | Killed Nergalle
  7606 | Lair:2   | Noticed an eight-headed hydra
  7618 | Lair:2   | Killed an eight-headed hydra
  7620 | Lair:2   | Received a gift from Trog
  7641 | Lair:2   | Reached skill level 10 in Fighting
  7920 | Lair:1   | Lost mutation: You are dopey. (Int -2) [potion of mutation]
  7920 | Lair:1   | Gained mutation: Your spells are a little easier to cast, but a little less powerful. [potion of mutation]
  7920 | Lair:1   | Gained mutation: You are resistant to hostile enchantments. (MR+) [potion of mutation]
  8288 | Lair:2   | Noticed a catoblepas
  8305 | Lair:2   | Killed a catoblepas
  8619 | Lair:2   | Reached skill level 14 in Maces & Flails
  8791 | Lair:3   | Found a staircase to the Snake Pit.
  9016 | Lair:3   | Reached XP level 13. HP: 83/83 MP: 13/13
  9795 | Lair:4   | Noticed Sonja
  9825 | Lair:4   | Reached ****** piety under Trog
  9859 | Lair:4   | Killed Sonja
  9859 | Lair:4   | Received a gift from Trog
 10237 | Lair:4   | Found a staircase to the Swamp.
 10976 | Lair:5   | You fall through a shaft!
 10976 | Lair:6   | Entered Level 6 of the Lair of Beasts
 10998 | Lair:6   | Found a staircase to the Slime Pits.
 12794 | Lair:6   | Gained mutation: Your large and strong wings let you fly indefinitely. [Gargoyle growth]
 12794 | Lair:6   | Reached XP level 14. HP: 92/92 MP: 14/14
 12861 | Lair:6   | Received a gift from Trog
 12937 | Lair:6   | Found a runed door.
 13132 | Lair:6   | Reached skill level 15 in Maces & Flails
 14253 | Lair:6   | Reached skill level 10 in Shields
 14611 | D:10     | Entered Level 10 of the Dungeon
 15377 | D:11     | Found Zahuf's Weapon Boutique.
 15500 | D:11     | Found a staircase to the Orcish Mines.
 15656 | D:11     | Received a gift from Trog
 15763 | Orc:1    | Entered Level 1 of the Orcish Mines
 16061 | Orc:1    | Found a dark tunnel.
 16067 | Volcano  | Entered a volcano
 16290 | Volcano  | Found a bloodstained altar of Trog.
 16773 | Orc:1    | Found a roughly hewn altar of Beogh.
 16920 | Orc:2    | Entered Level 2 of the Orcish Mines
 17159 | Orc:1    | Received a gift from Trog
 17401 | Orc:2    | Found a roughly hewn altar of Beogh.
 17579 | Orc:2    | Found Noshrusm's Magic Scroll Boutique.
 17618 | Orc:2    | Found Doodeo's Gadget Shop.
 17658 | Orc:2    | Reached XP level 15. HP: 57/99 MP: 5/15
 17851 | Orc:2    | Noticed an orc warlord
 17870 | Orc:2    | Killed an orc warlord
 18615 | Orc:2    | Found a roughly hewn altar of Beogh.
 18761 | Orc:2    | Found Dod Ocei's Book Shoppe.
 18794 | Orc:2    | Received a gift from Trog
 18855 | Orc:2    | Found Rebryl's Antique Weapon Emporium.
 19169 | Orc:2    | Bought a runed flail for 221 gold pieces
 19566 | Orc:2    | Found a staircase to the Elven Halls.
 19864 | Lair:1   | Identified a scroll of acquirement
 20021 | Swamp:1  | Entered Level 1 of the Swamp
 20042 | Swamp:1  | Noticed a thorn hunter
 20065 | Swamp:1  | Killed a thorn hunter
 20181 | Swamp:1  | Reached skill level 16 in Maces & Flails
 20864 | Swamp:1  | Noticed Kirke
 20903 | Swamp:1  | Killed Kirke
 21308 | Swamp:2  | Noticed a thorn hunter
 21322 | Swamp:2  | Killed a thorn hunter
 21807 | Swamp:2  | Noticed a thorn hunter
 21816 | Swamp:2  | Killed a thorn hunter
 21816 | Swamp:2  | Received a gift from Trog
 21816 | Swamp:2  | Reached skill level 5 in Dodging
 22186 | Swamp:2  | Reached XP level 16. HP: 89/107 MP: 16/16
 22203 | Swamp:2  | Noticed Nikola
 22231 | Swamp:2  | Killed Nikola
 23272 | Swamp:3  | Noticed a thorn hunter
 23285 | Swamp:3  | Killed a thorn hunter
 23303 | Swamp:3  | Noticed a thorn hunter
 23329 | Swamp:3  | Killed a thorn hunter
 23648 | Swamp:3  | Got a jewelled long sword
 23802 | Swamp:3  | Received a gift from Trog
 23805 | Swamp:3  | Identified the +4 long sword of the Living Dead {venom, rElec MR+ Int+3} (You found it on level 3 of the Swamp)
 24002 | Swamp:3  | Noticed a thorn hunter
 24015 | Swamp:3  | Killed a thorn hunter
 24015 | Swamp:3  | Reached skill level 15 in Fighting
 24287 | Swamp:3  | Noticed a thorn hunter
 24317 | Swamp:3  | Killed from afar by a thorn hunter

Vault maps used:
D:1:      minmay_arrival_stone_box
D:2:      uniq_terence
D:3:      first_bread, palyth_stone_intersect
D:4:      minmay_temple_entry_poolview
D:5:      serial_glass, glass_columns_a, glass_columns_a, fedhas_altar_1,
          uniq_blork_the_orc
D:6:      cheibrodos_worm_habitat, grunt_qazlal_clouds, grunt_ministairs_14,
          guppyfry_early_elven_hall
D:7:      nicolae_overflow_crystal_walls, lightli_temple_of_fire,
          grunt_livestock
D:8:      old_standard_altar, nicolae_overflow_hidden_temple, enter_bailey_2,
          okawaru_ov_weapons_minmay, uniq_joseph
D:9:      minitemple, kennysheep_mini_moat, kennysheep_mini, dpeg_lair_monsters,
          uniq_psyche, uniq_grum
D:11:     orc_0_dummy, serial_shops, shop, stair_cage_line,
          hangedman_decor_points
Lair:1:   lemuel_fruit_fields, uniq_nergalle
Lair:2:   disabler_island
Lair:3:   minmay_snake_entry_guardpost_medium
Lair:4:   swamp_mist, uniq_sonja
Lair:5:   serial_bayou_shore_b
Lair:6:   wormcave, guppyfry_lair_end_dragon, slime_dummy,
          minmay_lair_oklob_chamber, infiniplex_staircase_pool,
          grunt_megastairs_5
Swamp:1:  wheals_swamp_sinkhole, uniq_kirke
Swamp:2:  evilmike_swamp_ruin_house_2, swamp_pool1, uniq_nikola
Swamp:3:  nicolae_swamp_phyte_club, evilmike_swamp_ruin_house_1,
          nicolae_swamp_alligator_family
Orc:1:    enter_volcano_2, lemuel_statue_altar
Orc:2:    pubby_orc_utopia
Bailey:   bailey_axe_3, bailey
Volcano:  volcano_grotto

Skill      XL: |  1  2  3  4  5  6  7  8  9 10 11 12 13 14 15 16 |
---------------+-------------------------------------------------+-----
Dodging        | 2 3 4 5 |  5.5
Fighting       | 4 5 6 7 8 9 10 12 13 14 15 | 15.0
Maces & Flails | 4 5 7 8 10 11 13 14 15 16 | 16.7
Armour         | 3 4 5 7 8 9 11 12 13 14 | 14.7
Shields        | 1 3 4 6 9 11 12 | 12.8
Throwing       | |  0.3
Stealth        | |  0.3

Action                   |  1- 3 |  4- 6 |  7- 9 | 10-12 | 13-15 | 16-18 || total
-------------------------+-------+-------+-------+-------+-------+-------++-------
Melee: Mace              |    71 |   157 |   129 |       |     8 |       ||   365
       Kick              |       |       |    54 |   156 |   616 |   118 ||   944
       Flail             |       |       |    90 |   500 |  1545 |   283 ||  2418
       Morningstar       |       |       |       |       |    94 |    10 ||   104
       Whip              |       |       |       |       |    38 |       ||    38
Throw: Throwing net      |       |       |       |       |     2 |       ||     2
Invok: Berserk           |     1 |     3 |     3 |     9 |     9 |     1 ||    26
       Trog's Hand       |       |       |       |       |     5 |     2 ||     7
 Abil: Fly               |       |       |       |       |     1 |       ||     1
  Use: Scroll            |       |     3 |     4 |    11 |     9 |       ||    27
       Potion            |       |       |       |     9 |     4 |       ||    13
 Stab: Confused          |       |       |       |       |       |     5 ||     5
  Eat: Chunk             |     1 |     8 |    16 |    17 |    46 |     7 ||    95
       Fruit             |       |       |       |     3 |     5 |     1 ||     9
       Bread ration      |       |       |       |       |     1 |       ||     1
Armor: Animal skin       |    16 |       |       |       |       |       ||    16
       Chain mail        |     5 |   134 |   155 |   131 |   283 |   190 ||   898
       Plate armour      |       |       |       |   156 |   754 |       ||   910
Dodge: Dodged            |    52 |   106 |    82 |   192 |   575 |    86 ||  1093
Block: Buckler           |       |       |    12 |   138 |   558 |    91 ||   799

Table legend:
 A = Spawn XP
 B = Non-spawn XP
 C = Spawn XP percentage of total XP
 D = Spawn monster count
 E = Non-spawn monster count
 F = Spawn count percentage of total count
 G = Total turns spent on level
                    A         B        C        D         E        F      G
               +---------+---------+-------+---------+---------+-------+---------
         Total |       0 |  156726 |   0.0 |       0 |     732 |   0.0 | 24317
               +---------+---------+-------+---------+---------+-------+---------
           D:1 |       0 |      35 |   0.0 |       0 |      19 |   0.0 |   897
           D:2 |       0 |      73 |   0.0 |       0 |      12 |   0.0 |   476
           D:3 |       0 |      66 |   0.0 |       0 |      24 |   0.0 |   667
           D:4 |       0 |     127 |   0.0 |       0 |       9 |   0.0 |   605
           D:5 |       0 |     540 |   0.0 |       0 |      18 |   0.0 |   451
           D:6 |       0 |    1214 |   0.0 |       0 |      22 |   0.0 |  1176
           D:7 |       0 |    2550 |   0.0 |       0 |      34 |   0.0 |   889
           D:8 |       0 |    1552 |   0.0 |       0 |      29 |   0.0 |   448
           D:9 |       0 |    9151 |   0.0 |       0 |      27 |   0.0 |  1000
          D:10 |       0 |    5055 |   0.0 |       0 |      27 |   0.0 |   612
          D:11 |       0 |    2157 |   0.0 |       0 |      22 |   0.0 |   592
        Lair:1 |       0 |    4745 |   0.0 |       0 |      18 |   0.0 |  1193
        Lair:2 |       0 |    6078 |   0.0 |       0 |      16 |   0.0 |  1132
        Lair:3 |       0 |    6806 |   0.0 |       0 |      36 |   0.0 |  1104
        Lair:4 |       0 |    5862 |   0.0 |       0 |      24 |   0.0 |  1179
        Lair:5 |       0 |    7946 |   0.0 |       0 |      31 |   0.0 |  1500
        Lair:6 |       0 |   18785 |   0.0 |       0 |      59 |   0.0 |  1899
       Swamp:1 |       0 |   17111 |   0.0 |       0 |      44 |   0.0 |  1277
       Swamp:2 |       0 |   18117 |   0.0 |       0 |      25 |   0.0 |  1065
       Swamp:3 |       0 |   20968 |   0.0 |       0 |      38 |   0.0 |  1954
         Orc:1 |       0 |    2580 |   0.0 |       0 |      19 |   0.0 |   684
         Orc:2 |       0 |   18234 |   0.0 |       0 |     141 |   0.0 |  2686
        Bailey |       0 |    1326 |   0.0 |       0 |      12 |   0.0 |   176
       Volcano |       0 |    5648 |   0.0 |       0 |      26 |   0.0 |   655
               +---------+---------+-------+---------+---------+-------+---------
